 Dungeon Crawl Stone Soup version 0.22-a0-445-g8c8ef71 (webtiles) character file.

21 4thArraOfDagon the Sneak (level 3, -3/24 HPs)
             Began as a Halfling Wanderer on June 2, 2018.
             Shot with an arrow by a centaur (9 damage)
             ... on level 3 of the Dungeon.
             The game lasted 00:02:49 (688 turns).

4thArraOfDagon the Sneak (Halfling Wanderer)         Turns: 688, Time: 00:02:50

Health: -3/24      AC:  9    Str: 16    XL:     3   Next: 2%
Magic:  3/3        EV:  9    Int: 16    God:
Gold:   21         SH:  0    Dex: 10    Spells: 2/2 levels left

rFire    . . .     SeeInvis .     - Unarmed
rCold    . . .     Gourm    .   (shield restricted)
rNeg     . . .     Faith    .   k - +0 chain mail (curse)
rPois    .         Spirit   .   j - +0 helmet
rElec    .         Reflect  .   (no cloak)
rCorr    .         Harm     +   (no gloves)
MR       .....                  (no boots)
Stlth    ..........             i - amulet of harm
HPRegen  0.08/turn              (no ring)
MPRegen  0.08/turn              (no ring)

@: brilliant
A: small, mutation resistance 1
a: no special abilities


You were on level 3 of the Dungeon.
You were not hungry.

You visited 1 branch of the dungeon, and saw 3 of its levels.

You collected 21 gold pieces.

Inventory:

Hand Weapons
 f - a +0 dagger
Armour
 c - a +0 ring mail
 j - a +0 helmet (worn)
 k - a cursed +0 chain mail (worn)
Jewellery
 i - an amulet of harm (around neck)
Scrolls
 d - 3 scrolls of teleportation
 h - a scroll of noise {unknown}
Potions
 a - a potion of haste
 b - a potion of berserk rage
 l - a potion of curing {unknown}
Comestibles
 g - 3 rations


   Skills:
 + Level 2.2 Fighting
   Level 1.1 Crossbows
 - Level 1.1 Armour
 - Level 1.1 Dodging
 - Level 3.2 Stealth
 * Level 2.3 Unarmed Combat


You had 2 spell levels left.
You didn't know any spells.
Your spell library was empty.

Dungeon Overview and Level Annotations

Branches:
Dungeon (3/15)

Altars:


Innate Abilities, Weirdness & Mutations

You are small and have problems with some larger weapons.
You are somewhat resistant to further mutation.


Message History

You closely miss the frilled lizard.
The frilled lizard is heavily wounded.
The frilled lizard bites you but does no damage.
You hit the frilled lizard.
You kill the frilled lizard!
No target in view!
l - a brown potion A centaur comes into view.
It is wielding a short sword.
The centaur unwields an uncursed short sword.
The centaur wields a shortbow.
The centaur shoots an arrow.
The arrow hits you!
You see here an arrow.
The centaur shoots an arrow.
The arrow hits you.
The centaur shoots an arrow.
The arrow hits you.
* * * LOW HITPOINT WARNING * * *
You see here 2 arrows.
Unknown command.
It was a potion of brilliance.
You feel clever all of a sudden.
The centaur shoots an arrow.
The arrow hits you!
You die...

#. #. #. ###.
##c#. ###....###
.........+ #....@#
##.##(# #.# #.#
#.# #.# #. #.# #.#
#
#.######.#######g#
#.........##......


You could see a centaur.

Vanquished Creatures
  An ooze (D:3)
  A dart slug (D:3)
  An orc (D:3)
  2 giant cockroaches
  2 goblins
  A jackal (D:3)
  A quokka (D:3)
  3 frilled lizards
  A rat (D:1)
13 creatures vanquished.

Notes
Turn   | Place    | Note
-------+----------+-------------------------------------------
     0 | D:1      | 4thArraOfDagon the Halfling Wanderer began the quest for the Orb.
     0 | D:1      | 4thArraOfDagon set off with: a potion of haste, a potion of berserk rage, a +0 ring mail, a scroll of teleportation, a +0 club, a +0 dagger, a ration
     0 | D:1      | Reached XP level 1. HP: 14/14 MP: 1/1
     0 | D:1      | 4thArraOfDagon: frodo
     0 | D:1      | 4thArraOfDagon: :)
     0 | D:1      | Thaneod: hah
   147 | D:1      | Thaneod: jakie sa moce halflinga?
   192 | D:1      | 4thArraOfDagon: lipne
   192 | D:1      | 4thArraOfDagon: odpornosc na mutacje
   192 | D:1      | 4thArraOfDagon: i w sumie tyle!
   373 | D:3      | Reached XP level 2. HP: 19/19 MP: 2/2
   398 | D:3      | Thaneod: +4 sling,+2 short blades
   591 | D:3      | Reached XP level 3. HP: 13/24 MP: 3/3
   592 | D:3      | 4thArraOfDagon: zeby to jeszcze bylo uzyteczne :p
   685 | D:3      | Noticed a centaur
   688 | D:3      | Shot with an arrow by a centaur

Vault maps used:
D:1:      co_arrival_random_square_maze, due_unseen_surprise
D:2:      minmay_tall_x
D:3:      lemuel_coloured_pillars_altar

Skill      XL: |  1 |
---------------+----+-----
Fighting       | 2 |  2.2
Unarmed Combat | 2 |  2.3
Crossbows      | |  1.1
Armour         | |  1.1
Dodging        | |  1.1
Stealth        | |  3.2

Action                   || total
-------------------------++-------
Melee: Unarmed           ||    77
       Punch             ||     1
  Use: Potion            ||     1
 Stab: Distracted        ||     1
Armor: Ring mail         ||    22
       Chain mail        ||     2
Dodge: Dodged            ||    36

Table legend:
 A = Spawn XP
 B = Non-spawn XP
 C = Spawn XP percentage of total XP
 D = Spawn monster count
 E = Non-spawn monster count
 F = Spawn count percentage of total count
 G = Total turns spent on level
                    A         B        C        D         E        F      G
               +---------+---------+-------+---------+---------+-------+---------
         Total |       0 |      30 |   0.0 |       0 |      13 |   0.0 |   688
               +---------+---------+-------+---------+---------+-------+---------
           D:1 |       0 |       3 |   0.0 |       0 |       2 |   0.0 |   216
           D:2 |       0 |       6 |   0.0 |       0 |       4 |   0.0 |   178
           D:3 |       0 |      21 |   0.0 |       0 |       7 |   0.0 |   294
               +---------+---------+-------+---------+---------+-------+---------
